[Event "Titled Tuesday Blitz June 6 Early 2023"]
[White "Fridman, Daniel"]
[Black "Bruedigam, Martin"]
[WhiteFideId "11600454"]
[BlackFideId "24608033"]
[WhiteElo "2538"]
[BlackElo "2331"]
[Result "1-0"]
[Round "2"]
[TimeControl "180+2"]
[Date "2023.06.06"]
[WhiteClock "0:01:06"]
[BlackClock "0:00:04"]
[Board "34"]

1. d4 d5 2. Nf3 Nf6 3. c4 e6 4. g3 Bb4+ 5. Bd2 Be7 6. Bg2 O-O 7. O-O c6 8. Nc3 b6 9. Bf4 Ba6 10. Ne5 Nfd7 11. Nxd7 Qxd7 12. cxd5 cxd5 13. e4 Bxf1 14. Qxf1 Nc6 15. exd5 Nxd4 16. Rd1 Bf6 17. Ne4 e5 18. Nxf6+ gxf6 19. Bh6 Rfc8 20. f4 Rc2 21. fxe5 fxe5 22. Be4 Ne2+ 23. Kh1 Rac8 24. Bf5 Qb5 25. Bxc8 1-0


[Site "https://www.chess.com"]

[Event "Titled Tuesday Blitz June 6 Early 2023"]
[White "Sanal, Vahap"]
[Black "Streltsov, Alexey"]
[WhiteFideId "6300545"]
[BlackFideId "24104434"]
[WhiteElo "2606"]
[BlackElo "2546"]
[Result "1-0"]
[Round "2"]
[TimeControl "180+2"]
[Date "2023.06.06"]
[WhiteClock "0:00:25"]
[BlackClock "0:00:05"]
[Board "35"]

1. Nf3 d5 2. b3 Bf5 3. Bb2 e6 4. g3 Nf6 5. Bg2 c5 6. d3 h6 7. Nbd2 Nc6 8. O-O Be7 9. e4 dxe4 10. dxe4 Nxe4 11. Bxg7 Rh7 12. Bb2 Bf6 13. Bxf6 Qxf6 14. Nxe4 Bxe4 15. Nh4 Bxg2 16. Kxg2 Rg7 17. Nf3 Nd4 18. Nxd4 Qxd4 19. Qe2 Qd5+ 20. Kg1 Rg8 21. Rad1 Qc6 22. Qe5 Ke7 23. Qh5 Rg6 24. Qh4+ Kf8 25. Rd3 Kg7 26. Rfd1 e5 27. Rd7 Re8 28. Qc4 Rf6 29. Qg4+ Rg6 30. Qc4 Rf6 31. a4 Qf3 32. R1d2 b6 33. R7d3 Qf5 34. Re3 e4 35. Rde2 Rfe6 36. Qc3+ Qf6 37. Qe1 Qd4 38. Rd2 Qb2 39. Qe2 f5 40. Rd5 Qf6 41. Qh5 Re5 42. Rd7+ R8e7 43. Rd8 Qf7 44. Qh4 Re8 45. Rd6 R8e6 46. Rd8 Re8 47. Rd1 Rd5 48. Rde1 Red8 49. g4 Rf8 50. gxf5 Rxf5 51. Rg3+ Kh7 52. Rxe4 Rxf2 53. Re7 Rf1+ 54. Kg2 Rf2+ 55. Kh3 Rf4 56. Rxf7+ R8xf7 57. Qh5 1-0


[Site "https://www.chess.com"]

[Event "Titled Tuesday Blitz June 6 Early 2023"]
[White "Vestby-Ellingsen, Mads"]
[Black "Mitrabha, Guha"]
[WhiteFideId "1520857"]
[BlackFideId "5057000"]
[WhiteElo "2247"]
[BlackElo "2507"]
[Result "0-1"]
[Round "2"]
[TimeControl "180+2"]
[Date "2023.06.06"]
[WhiteClock "0:00:01"]
[BlackClock "0:01:56"]
[Board "36"]

1. c4 c5 2. g3 g6 3. Bg2 Bg7 4. Nc3 Nc6 5. Nf3 e6 6. d4 cxd4 7. Nb5 d5 8. cxd5 Qa5+ 9. Nd2 Qxb5 10. dxc6 bxc6 11. O-O Ne7 12. Ne4 O-O 13. Bg5 Nd5 14. Qd2 Ba6 15. Rfe1 Qb4 16. Qxb4 Nxb4 17. Rac1 Nxa2 18. Rxc6 Nb4 19. Rc7 Nd5 20. Rc5 Rac8 21. Bf3 h6 22. Bc1 f5 23. Rxc8 Rxc8 24. Nd2 Nb4 25. Rd1 e5 26. e4 Nd3 27. Be2 Rc2 28. Kf1 fxe4 29. Nxe4 Rxe2 30. Kxe2 Nxc1+ 31. Kd2 Nb3+ 32. Kc2 Bc4 33. Nd6 Bd5 34. Rd3 Bf8 35. Nc8 Be4 0-1


[Site "https://www.chess.com"]

[Event "Titled Tuesday Blitz June 6 Early 2023"]
[White "demon64fields"]
[Black "Bilan, Danila"]
[BlackFideId "24161918"]
[WhiteElo "2854"]
[BlackElo "2146"]
[Result "1-0"]
[Round "2"]
[TimeControl "180+2"]
[Date "2023.06.06"]
[WhiteClock "0:01:33"]
[BlackClock "0:00:01"]
[Board "37"]

1. Nf3 d5 2. g3 Nf6 3. Bg2 c5 4. O-O Nc6 5. d4 Bg4 6. Ne5 cxd4 7. Nxg4 Nxg4 8. e3 Nf6 9. exd4 e6 10. c3 Bd6 11. Qd3 O-O 12. Nd2 Rb8 13. a4 a6 14. Re1 b5 15. axb5 axb5 16. b4 Qb6 17. Nb3 Ra8 18. Be3 h6 19. Nc5 Rfc8 20. h3 Ne8 21. f4 Ne7 22. g4 Qc7 23. Rxa8 Rxa8 24. Rf1 Ra3 25. Qxb5 Nf6 26. Qd3 Ne4 27. Bxe4 dxe4 28. Nxe4 Nd5 29. Nxd6 Qxd6 30. Bd2 Nxb4 31. Qf3 Ra2 32. Rf2 Nc6 33. f5 e5 34. f6 g6 35. d5 Na5 36. Qe4 Ra1+ 37. Kg2 Nb7 38. Bxh6 Ra5 39. c4 Nc5 40. Qe3 e4 41. Bg7 Nd3 42. Qh6 1-0


[Site "https://www.chess.com"]

[Event "Titled Tuesday Blitz June 6 Early 2023"]
[White "Beerdsen, Thomas"]
[Black "Moral Garcia, Serafin"]
[WhiteFideId "1030108"]
[BlackFideId "2201925"]
[WhiteElo "2553"]
[BlackElo "2274"]
[Result "1-0"]
[Round "2"]
[TimeControl "180+2"]
[Date "2023.06.06"]
[WhiteClock "0:00:19"]
[BlackClock "0:00:11"]
[Board "38"]

1. e4 e5 2. Bc4 Nf6 3. d3 c6 4. Nf3 d5 5. Bb3 Bd6 6. Nc3 d4 7. Ne2 a5 8. a3 a4 9. Ba2 c5 10. h3 O-O 11. g4 b5 12. Ng3 Nc6 13. g5 Ne8 14. h4 Be6 15. h5 Qd7 16. Nh4 c4 17. g6 fxg6 18. hxg6 h6 19. Nhf5 Rf6 20. Qh5 Bf8 21. Bg5 cxd3 22. cxd3 Bxa2 23. Rxa2 Qe6 24. Bxh6 gxh6 25. Nxh6+ Bxh6 26. Qxh6 Rxg6 27. Qh8+ Kf7 28. Rh7+ Ng7 29. Qxa8 Qxa2 30. Rh8 Qb1+ 31. Ke2 Qc2+ 32. Kf1 Qxd3+ 33. Kg1 Qd1+ 34. Kh2 Qg4 35. Qf8+ Ke6 36. Qc5 Ne7 37. Qxb5 Qf4 38. Qc4+ Kf6 39. Rf8+ Kg5 40. Rxf4 exf4 41. Qc5+ Kg4 42. Ne2 Kf3 43. Nxd4+ Kxf2 44. Nf5+ Kf3 45. Nh4+ Kxe4 46. Nxg6 Nxg6 47. Qc2+ Ke3 48. Qxg6 1-0


[Site "https://www.chess.com"]

[Event "Titled Tuesday Blitz June 6 Early 2023"]
[White "Hajiyev, Kanan"]
[Black "Yeletsky, Ivan"]
[WhiteFideId "13404148"]
[BlackFideId "24180327"]
[WhiteElo "2115"]
[BlackElo "2380"]
[Result "0-1"]
[Round "2"]
[TimeControl "180+2"]
[Date "2023.06.06"]
[WhiteClock "0:00:01"]
[BlackClock "0:00:17"]
[Board "39"]

1. d4 Nf6 2. c4 Nc6 3. Nf3 e6 4. Nc3 d5 5. Bg5 dxc4 6. e4 h6 7. Bxf6 Qxf6 8. Bxc4 Bb4 9. O-O O-O 10. a3 Ba5 11. e5 Qe7 12. Qe2 Bxc3 13. bxc3 b6 14. d5 Na5 15. Ba2 exd5 16. Bxd5 Rb8 17. Rfe1 Be6 18. Rad1 Qxa3 19. Bxe6 fxe6 20. Nd4 Qe7 21. Nb5 a6 22. Nd4 c5 23. Nc2 b5 24. Rd6 Ra8 25. Qg4 Rfe8 26. Ne3 Kh8 27. Red1 Rad8 28. Rxa6 Nb3 29. Rdd6 Ra8 30. f4 Rxa6 31. Rxa6 b4 32. cxb4 cxb4 33. f5 Qc5 34. Kf2 exf5 35. Qxf5 Rf8 0-1


[Site "https://www.chess.com"]

[Event "Titled Tuesday Blitz June 6 Early 2023"]
[White "Kravtsiv, Martyn"]
[Black "Taichman, Ori"]
[WhiteFideId "14113147"]
[BlackFideId "2804069"]
[WhiteElo "2695"]
[BlackElo "2237"]
[Result "1-0"]
[Round "2"]
[TimeControl "180+2"]
[Date "2023.06.06"]
[WhiteClock "0:00:11"]
[BlackClock "0:00:07"]
[Board "40"]

1. e4 c5 2. Nf3 d6 3. Bb5+ Nc6 4. O-O Bd7 5. Re1 Nf6 6. c3 a6 7. Bf1 Bg4 8. h3 Bxf3 9. Qxf3 g6 10. d3 Bg7 11. Be3 Nd7 12. Nd2 b5 13. Qg3 O-O 14. f4 b4 15. Rac1 Rb8 16. Nf3 Qa5 17. d4 Qxa2 18. d5 Na7 19. Qh4 Qxb2 20. Qxe7 Rb7 21. Bxa6 Rb6 22. Bf1 Nf6 23. Qxa7 bxc3 24. Rxc3 Nxd5 25. exd5 Bxc3 26. Re2 Qb1 27. Nd2 Bxd2 28. Bxd2 Rb2 29. Qa3 c4 30. Qc3 Rc2 31. Qf6 Qb6+ 32. Kh2 Qb2 33. Qxb2 Rxb2 34. Bc3 Rxe2 35. Bxe2 Ra8 36. Bf6 Rc8 37. Bc3 Re8 38. Bf1 Re3 39. Bd2 Rb3 40. Bxc4 Rb2 41. Be3 Rc2 42. Ba6 Rc3 43. Bf2 Rc5 44. Bb7 f5 45. Bxc5 dxc5 46. d6 Kf8 47. Bd5 Ke8 48. Bc6+ Kd8 49. Bd5 c4 50. Bxc4 Kd7 51. Kg3 Kxd6 52. Kf3 Ke7 53. Bd5 Kf6 54. Ke3 h6 55. Kd4 g5 56. g3 Kg6 57. Bf3 gxf4 58. gxf4 Kf6 59. Kd5 Kg6 60. Kd6 h5 61. Be2 h4 62. Ke6 1-0


[Site "https://www.chess.com"]

[Event "Titled Tuesday Blitz June 6 Early 2023"]
[White "Mladek, Richard"]
[Black "Harutjunyan, Gevorg"]
[WhiteFideId "386588"]
[BlackFideId "13300873"]
[WhiteElo "2332"]
[BlackElo "2474"]
[Result "0-1"]
[Round "2"]
[TimeControl "180+2"]
[Date "2023.06.06"]
[WhiteClock "0:00:02"]
[BlackClock "0:00:08"]
[Board "41"]

1. Nf3 Nf6 2. g3 g6 3. Bg2 Bg7 4. b3 O-O 5. Bb2 d6 6. d4 e5 7. dxe5 Nfd7 8. O-O Nc6 9. c4 dxe5 10. Qc1 e4 11. Nfd2 Nd4 12. Nc3 f5 13. e3 Ne6 14. f3 Ne5 15. fxe4 Nd3 16. Qc2 Nxb2 17. Qxb2 Qd3 18. Rac1 Qxe3+ 19. Kh1 f4 20. Rfe1 Qc5 21. b4 Qh5 22. Bf3 Qh6 23. g4 Ng5 24. Qb3 Nxf3 25. c5+ Kh8 26. Nxf3 Bxg4 27. Nd5 c6 28. Nc7 Qh3 29. Ng5 Qh4 30. Nxa8 Qxg5 31. Nc7 Qe5 32. Rcd1 Qxc7 33. Rd3 f3 34. Rf1 f2 35. Rg3 Be2 36. Rxf2 Rxf2 37. Qe3 Qf7 38. Rg1 Bf3+ 39. Rg2 Rf1+ 40. Qg1 Bxg2+ 0-1


[Site "https://www.chess.com"]

[Event "Titled Tuesday Blitz June 6 Early 2023"]
[White "Gorovets, Andrey"]
[Black "Srdanovic, Jovana"]
[WhiteFideId "13504037"]
[BlackFideId "954810"]
[WhiteElo "2459"]
[BlackElo "2155"]
[Result "1-0"]
[Round "2"]
[TimeControl "180+2"]
[Date "2023.06.06"]
[WhiteClock "0:00:19"]
[BlackClock "0:00:24"]
[Board "42"]

1. Nf3 d5 2. g3 c6 3. Bg2 Nf6 4. c4 Bf5 5. Qb3 Qb6 6. d3 e6 7. Be3 Qa6 8. O-O Nbd7 9. cxd5 exd5 10. Nc3 Be7 11. Bd4 O-O 12. Rfe1 Rfe8 13. e4 Be6 14. Qc2 dxe4 15. dxe4 h6 16. Ne2 Nf8 17. Nf4 Rad8 18. b3 Bc8 19. Qb2 Ne6 20. Nxe6 Bxe6 21. Rad1 c5 22. Bxf6 Bxf6 23. e5 Be7 24. Nd2 Rd4 25. Nf3 Rdd8 26. Qc2 c4 27. Nd4 cxb3 28. axb3 Bd5 29. Nf5 Qc6 30. Nxe7+ Rxe7 31. Qxc6 bxc6 32. Rc1 Bxg2 33. Kxg2 Rb7 34. Re3 Rdb8 35. Rxc6 Rxb3 36. Rxb3 Rxb3 37. Rc8+ Kh7 38. Rc7 Kg6 39. Rxa7 Rb5 40. Ra6+ Kf5 41. f4 Rb2+ 42. Kh3 Rc2 43. Ra7 Kg6 44. g4 h5 45. gxh5+ Kxh5 46. Rxf7 Rc3+ 47. Kg2 Rc2+ 48. Kf3 Kg6 49. e6 Rxh2 50. f5+ Kh7 51. e7 1-0


[Site "https://www.chess.com"]

[Event "Titled Tuesday Blitz June 6 Early 2023"]
[White "Richter, Paul"]
[Black "Hambleton, Aman"]
[WhiteFideId "2046350"]
[BlackFideId "2606577"]
[WhiteElo "2525"]
[BlackElo "2511"]
[Result "0-1"]
[Round "2"]
[TimeControl "180+2"]
[Date "2023.06.06"]
[WhiteClock "0:00:05"]
[BlackClock "0:00:05"]
[Board "43"]

1. e4 c6 2. Nc3 d5 3. Nf3 dxe4 4. Nxe4 Nf6 5. Qe2 Nxe4 6. Qxe4 Qa5 7. Bc4 Bf5 8. Qf4 e6 9. c3 Qd8 10. g4 Bg6 11. d4 Bd6 12. Qe3 Nd7 13. Ne5 Nxe5 14. dxe5 Be7 15. Bd2 h5 16. g5 Qb6 17. Qxb6 axb6 18. h4 b5 19. Bb3 Be4 20. Rh3 O-O-O 21. O-O-O Bf5 22. Rh2 Rd3 23. Be3 Kc7 24. Rxd3 Bxd3 25. f4 Ra8 26. Rd2 Bc4 27. Kb1 Bd5 28. Bf2 f6 29. exf6 gxf6 30. Bd4 fxg5 31. Be5+ Bd6 32. Bxd6+ Kxd6 33. fxg5 Rf8 34. Bxd5 cxd5 35. Rg2 Ke7 36. Kc2 Rf4 37. Rh2 e5 38. Kd3 Ke6 39. Ke3 Rg4 40. Kf3 Kf5 41. Ke3 Rg3+ 42. Ke2 Rg4 43. a3 Ke4 44. Kd2 d4 45. cxd4 Kxd4 46. Ke2 e4 47. Kf2 e3+ 48. Kf3 Kd3 49. Rh1 e2 50. Re1 Re4 51. g6 Re3+ 52. Kf2 Re6 53. g7 Rf6+ 54. Kg3 Rg6+ 55. Kf4 Kd2 56. Rxe2+ Kxe2 57. Kf5 Rxg7 58. Ke5 Rg4 59. Kd5 b4 60. Kc5 bxa3 61. bxa3 Kf3 0-1


[Site "https://www.chess.com"]

[Event "Titled Tuesday Blitz June 6 Early 2023"]
[White "Bryakin, Mikhail"]
[Black "Chylewski, Patryk"]
[WhiteFideId "4165314"]
[BlackFideId "1186191"]
[WhiteElo "2464"]
[BlackElo "2163"]
[Result "1-0"]
[Round "2"]
[TimeControl "180+2"]
[Date "2023.06.06"]
[WhiteClock "0:00:19"]
[BlackClock "0:00:05"]
[Board "44"]

1. e4 c6 2. d4 d5 3. e5 c5 4. dxc5 e6 5. Bb5+ Nd7 6. b4 a5 7. c3 Qc7 8. Nf3 Ne7 9. O-O Ng6 10. Qd4 Be7 11. Re1 O-O 12. Bxd7 Bxd7 13. a3 f6 14. Bf4 Qc6 15. Nbd2 Nxf4 16. Qxf4 Rfb8 17. Nd4 Qc7 18. N2f3 b6 19. c6 Bxc6 20. Nxe6 Qd7 21. Nfd4 fxe5 22. Qxe5 Bf6 23. Qg3 Re8 24. h4 Re7 25. Ng5 Bb7 26. h5 h6 27. Ngf3 Qe8 28. Rxe7 Qxe7 29. Re1 Qf7 30. Nf5 Qxh5 31. Nxg7 Qf7 32. Nf5+ Kh7 33. Nd6 Qd7 34. Nxb7 Qxb7 35. Re6 Qg7 36. Qd6 Bxc3 37. Re7 axb4 38. Rxg7+ Bxg7 39. Qxb4 Rc8 40. Qxb6 Bf8 41. Qb7+ 1-0


[Site "https://www.chess.com"]

[Event "Titled Tuesday Blitz June 6 Early 2023"]
[White "Sharapov, Evgeny"]
[Black "Ilamparthi A R"]
[WhiteFideId "14103133"]
[BlackFideId "45015775"]
[WhiteElo "2367"]
[BlackElo "2348"]
[Result "0-1"]
[Round "2"]
[TimeControl "180+2"]
[Date "2023.06.06"]
[WhiteClock "0:01:26"]
[BlackClock "0:00:46"]
[Board "45"]

1. e4 c5 2. Nf3 d6 3. d4 cxd4 4. Nxd4 Nf6 5. f3 e5 6. Nb3 a5 7. Bb5+ Nc6 8. Nc3 Be7 9. Be3 O-O 10. Qd2 Be6 11. Rd1 Rc8 12. O-O Nh5 13. Nd5 Bxd5 14. exd5 Nb4 15. c3 Na6 16. Qf2 Bg5 17. Bb6 Qf6 18. Bxa6 bxa6 19. Nxa5 Qg6 20. Nc6 f5 21. Kh1 Rf7 22. c4 Qh6 23. Rg1 e4 24. Rde1 Re8 25. g3 e3 26. Qg2 f4 27. g4 Ng3+ 0-1


[Site "https://www.chess.com"]

[Event "Titled Tuesday Blitz June 6 Early 2023"]
[White "Molina, Roberto Junio Brito"]
[Black "Xu, Daniel"]
[WhiteFideId "2109450"]
[BlackFideId "2627345"]
[WhiteElo "2376"]
[BlackElo "1980"]
[Result "1-0"]
[Round "2"]
[TimeControl "180+2"]
[Date "2023.06.06"]
[WhiteClock "0:00:09"]
[BlackClock "0:00:02"]
[Board "46"]

1. e4 c5 2. Nf3 d6 3. d4 cxd4 4. Nxd4 Nf6 5. Nc3 a6 6. Be3 e5 7. Nb3 Be6 8. f3 h5 9. Qd2 Nbd7 10. O-O-O Rc8 11. Kb1 b5 12. Nd5 Bxd5 13. exd5 Nb6 14. Bxb6 Qxb6 15. Bd3 g6 16. f4 Bh6 17. g3 O-O 18. Rhe1 Rfe8 19. Bf1 exf4 20. gxf4 Ne4 21. Qb4 Nf2 22. Rc1 Ng4 23. Bh3 Rxe1 24. Rxe1 Qf2 25. Qd2 Qxd2 26. Nxd2 Bxf4 27. Nf3 Rc5 28. Re2 Rxd5 29. c3 Ne3 30. a4 Rd1+ 31. Ka2 bxa4 32. Nd4 g5 33. Bd7 a3 34. Kxa3 Nc4+ 35. Kb3 Ne5 36. Bc8 a5 37. Nf5 d5 38. Bb7 Kf8 39. Nd4 f6 40. Bxd5 Kg7 41. Nf5+ Kg6 42. Be4 Kf7 43. c4 1-0


[Site "https://www.chess.com"]

[Event "Titled Tuesday Blitz June 6 Early 2023"]
[White "Reprintsev, Alexander"]
[Black "Tejedor Fuente, Enrique"]
[WhiteFideId "14100541"]
[BlackFideId "2299100"]
[WhiteElo "2229"]
[BlackElo "2496"]
[Result "0-1"]
[Round "2"]
[TimeControl "180+2"]
[Date "2023.06.06"]
[WhiteClock "0:01:00"]
[BlackClock "0:00:28"]
[Board "47"]

1. e4 e6 2. d4 d5 3. Nc3 Nf6 4. Bg5 Be7 5. e5 Nfd7 6. h4 a6 7. Qd2 c5 8. Nf3 Nc6 9. O-O-O c4 10. Bxe7 Qxe7 11. Qg5 Qf8 12. h5 h6 13. Qg4 b5 14. Ne2 b4 15. Rh3 a5 16. Rg3 Rg8 17. Nf4 Nb6 18. Nh4 a4 19. Kd2 b3 20. axb3 axb3 21. cxb3 Qb4+ 22. Ke2 Ra2 23. Rd2 Nxd4+ 24. Rxd4 Rxb2+ 25. Ke3 Rxb3+ 26. Nd3 Qe1+ 27. Be2 cxd3 28. Rxd3 Nc4+ 29. Kf4 Qc1+ 30. Rde3 Nxe3 31. fxe3 Rb4+ 0-1


[Site "https://www.chess.com"]

[Event "Titled Tuesday Blitz June 6 Early 2023"]
[White "Arat, Ufuk Sezen"]
[Black "Maximov, Dmitry"]
[WhiteFideId "6309089"]
[BlackFideId "14105659"]
[WhiteElo "2289"]
[BlackElo "2494"]
[Result "0-1"]
[Round "2"]
[TimeControl "180+2"]
[Date "2023.06.06"]
[WhiteClock "0:00:23"]
[BlackClock "0:01:40"]
[Board "48"]

1. e4 c5 2. Nf3 d6 3. d4 cxd4 4. Nxd4 Nf6 5. Nc3 a6 6. Be3 g6 7. f3 Bg7 8. a4 O-O 9. Qd2 Nc6 10. Be2 Bd7 11. O-O Rc8 12. Nxc6 Rxc6 13. a5 Qc7 14. Rad1 Rc8 15. Ra1 Be6 16. Rfd1 Nd7 17. Bd4 Bxd4+ 18. Qxd4 Rc5 19. Qb4 Ne5 20. Qb6 Qxb6 21. axb6 Nd7 22. Bd3 Nxb6 23. Ne2 Bc4 24. Nf4 Bxd3 25. cxd3 Rc2 26. b4 g5 27. Nh5 Nd7 28. d4 Rb2 29. Rac1 Rcc2 30. Rxc2 Rxc2 31. b5 a5 32. e5 d5 33. f4 gxf4 34. Nxf4 e6 35. Rd3 a4 36. Nh5 Kf8 37. h4 Ke7 38. Nf4 Nb6 39. h5 Nc4 0-1


[Site "https://www.chess.com"]

[Event "Titled Tuesday Blitz June 6 Early 2023"]
[White "splendidkid"]
[Black "Ronka, Erik"]
[BlackFideId "505080"]
[WhiteElo "2763"]
[BlackElo "2264"]
[Result "1-0"]
[Round "2"]
[TimeControl "180+2"]
[Date "2023.06.06"]
[WhiteClock "0:00:56"]
[BlackClock "0:00:06"]
[Board "49"]

1. d4 d5 2. c4 c6 3. Nf3 Nf6 4. Nbd2 Bf5 5. Nh4 Be6 6. e3 g6 7. Be2 Bg7 8. O-O O-O 9. Nhf3 Bg4 10. h3 Bxf3 11. Nxf3 e6 12. b3 Nbd7 13. Qc2 Rc8 14. Ba3 Re8 15. Rac1 Bf8 16. Bb2 Qa5 17. a3 Qd8 18. b4 Bg7 19. Rfd1 Ne4 20. Bd3 f5 21. a4 Qe7 22. Qb3 Bf8 23. Ba3 a5 24. Rb1 axb4 25. Bxb4 Qxb4 26. Qxb4 Bxb4 27. Rxb4 b6 28. Rc1 c5 29. dxc5 bxc5 30. Rb7 Ndf6 31. Ne5 Rb8 32. Rcb1 Rxb7 33. Rxb7 Ra8 34. Bc2 Nd6 35. Rb6 Nfe8 36. Bb3 dxc4 37. Nxc4 Nxc4 38. Bxc4 Rxa4 39. Bxe6+ Kf8 40. Rc6 Ke7 41. Bg8 Nf6 42. Bb3 Rb4 43. Bc2 c4 44. Ra6 Rb2 45. Ba4 c3 46. Rc6 Nd5 47. Rc4 Ra2 48. Bb3 Rb2 49. Ba4 Ra2 50. Kf1 Nb6 51. Rc7+ Kf6 52. Rc6+ Kg5 53. Bb3 Rb2 54. Rxc3 Nd7 55. Kg1 Ne5 56. Bc2 Kf6 57. Kh2 Nf7 58. Kg3 Rb5 59. Bd3 Rb6 60. Rc5 Nd8 61. Rc7 h6 62. Rh7 Rd6 63. Bc4 h5 64. h4 Nc6 65. Kf4 Nd8 66. f3 Rc6 67. Bd5 Rd6 68. e4 fxe4 69. fxe4 g5+ 70. hxg5+ Kg6 71. Rh6+ 1-0


[Site "https://www.chess.com"]

[Event "Titled Tuesday Blitz June 6 Early 2023"]
[White "Camacho Collados, Jose"]
[Black "Gledura, Benjamin"]
[WhiteFideId "2265427"]
[BlackFideId "712779"]
[WhiteElo "2212"]
[BlackElo "2537"]
[Result "0-1"]
[Round "2"]
[TimeControl "180+2"]
[Date "2023.06.06"]
[WhiteClock "0:00:04"]
[BlackClock "0:01:13"]
[Board "50"]

1. Nf3 f5 2. d4 Nf6 3. g3 e6 4. Bg2 Be7 5. O-O O-O 6. c4 d6 7. Nc3 Qe8 8. Qc2 Qh5 9. e4 fxe4 10. Nxe4 Nc6 11. Nxf6+ Bxf6 12. d5 Nd4 13. Nxd4 Bxd4 14. Qe4 e5 15. a4 Bf5 16. Qe1 Bd3 17. Be3 Bxf1 18. Bxf1 Bxe3 19. Qxe3 Qf3 20. Re1 Qxe3 21. Rxe3 a5 22. c5 dxc5 23. Rxe5 Rae8 24. Rh5 Re1 25. Kg2 g6 26. Rh4 Rb1 27. Bc4 Kg7 28. Re4 Rxb2 29. Re7+ Kh8 30. Rxc7 Rfxf2+ 31. Kh3 Rxh2+ 32. Kg4 Rb4 33. d6 Rxc4+ 34. Kg5 Rd4 35. Rc8+ Kg7 36. Rc7+ Kf8 37. Rc8+ Kf7 38. Rc7+ Ke6 39. Rxh7 Rxh7 0-1


[Site "https://www.chess.com"]

[Event "Titled Tuesday Blitz June 6 Early 2023"]
[White "Fernandez Guillen, Ernesto J."]
[Black "Kuzmin, Roman"]
[WhiteFideId "3512428"]
[BlackFideId "44134932"]
[WhiteElo "2434"]
[BlackElo "2122"]
[Result "1-0"]
[Round "2"]
[TimeControl "180+2"]
[Date "2023.06.06"]
[WhiteClock "0:01:21"]
[BlackClock "0:00:39"]
[Board "51"]

1. e4 c5 2. Nf3 d6 3. d4 cxd4 4. Nxd4 Nf6 5. Nc3 a6 6. Bc4 e6 7. Bb3 Nbd7 8. Bg5 Nc5 9. f4 Be7 10. Qe2 h6 11. Bxf6 Bxf6 12. O-O-O Qc7 13. Rhe1 Bd7 14. Kb1 b5 15. Nf5 O-O 16. e5 dxe5 17. fxe5 Bg5 18. h4 Bf4 19. g3 h5 20. gxf4 exf5 21. Nd5 Qd8 22. Qxh5 Nxb3 23. Nf6+ 1-0


[Site "https://www.chess.com"]

[Event "Titled Tuesday Blitz June 6 Early 2023"]
[White "Pinheiro, Iung Alicio de O."]
[Black "Djordjevic, Vuk"]
[WhiteFideId "2104350"]
[BlackFideId "902098"]
[WhiteElo "2283"]
[BlackElo "2463"]
[Result "0-1"]
[Round "2"]
[TimeControl "180+2"]
[Date "2023.06.06"]
[WhiteClock "0:00:01"]
[BlackClock "0:00:30"]
[Board "52"]

1. e4 d5 2. exd5 Qxd5 3. Nc3 Qd6 4. d4 Nf6 5. Nf3 c6 6. Ne5 Nbd7 7. f4 Nb6 8. g4 h5 9. g5 Ng4 10. h3 Nxe5 11. fxe5 Qg6 12. Bd3 Bf5 13. Bxf5 Qxf5 14. Qe2 e6 15. a3 O-O-O 16. Be3 c5 17. O-O-O cxd4 18. Bxd4 Qf4+ 19. Qe3 Rxd4 20. Qxf4 Rxf4 21. Nb5 a6 22. Nd4 Bc5 23. Nb3 Be3+ 24. Kb1 Nc4 25. Rd3 Rd8 26. Re1 Bf2 27. Red1 Rxd3 28. cxd3 Nxe5 29. d4 Nc6 30. d5 exd5 31. Rxd5 Rf3 32. Ka2 h4 33. Nd2 Rxh3 34. Rf5 Be3 35. Ne4 Nd8 36. Nd6+ Kd7 37. Nxf7 Ke6 38. Rf1 Nxf7 0-1


[Site "https://www.chess.com"]

[Event "Titled Tuesday Blitz June 6 Early 2023"]
[White "Danielyan, Vahe"]
[Black "Liu, Casper"]
[WhiteFideId "13304828"]
[BlackFideId "1454153"]
[WhiteElo "2423"]
[BlackElo "2221"]
[Result "0-1"]
[Round "2"]
[TimeControl "180+2"]
[Date "2023.06.06"]
[WhiteClock "0:00:07"]
[BlackClock "0:00:11"]
[Board "53"]

1. d4 Nf6 2. c4 a6 3. Nc3 b5 4. cxb5 axb5 5. Nxb5 e5 6. dxe5 Ne4 7. Nc3 Bb4 8. Bd2 Nxd2 9. Qxd2 Nc6 10. Nf3 Qe7 11. e3 Nxe5 12. Be2 Bb7 13. a3 O-O 14. Rd1 Bd6 15. Nb5 Nxf3+ 16. Bxf3 Bxf3 17. gxf3 Be5 18. f4 Bxf4 19. Qxd7 Qe4 20. Qd5 Qg6 21. Nd4 Rfe8 22. Ke2 Rad8 23. Qc6 Qh5+ 24. Qf3 Qe5 25. Rhg1 Rxd4 26. Rxd4 Qxd4 27. Qc6 Qd8 28. Rd1 Bd6 29. b4 Re6 30. b5 h6 31. a4 Qh4 32. a5 Qg4+ 33. Ke1 Bb4+ 34. Rd2 Bxd2+ 0-1


[Site "https://www.chess.com"]

[Event "Titled Tuesday Blitz June 6 Early 2023"]
[White "Bethke, Richard"]
[Black "Kushko, Dmitriy"]
[WhiteFideId "12959243"]
[BlackFideId "14162261"]
[WhiteElo "2369"]
[BlackElo "2230"]
[Result "1-0"]
[Round "2"]
[TimeControl "180+2"]
[Date "2023.06.06"]
[WhiteClock "0:01:41"]
[BlackClock "0:00:24"]
[Board "54"]

1. e4 g6 2. d4 Bg7 3. Nf3 d6 4. Bc4 Nc6 5. O-O Nf6 6. Qe2 e5 7. dxe5 Nxe5 8. Nxe5 dxe5 9. Rd1 Qe7 10. Nc3 O-O 11. a4 a5 12. b3 Rd8 13. Ba3 Rxd1+ 14. Qxd1 Qd7 15. Nb5 Nxe4 16. Qe2 Nd6 17. Rd1 Bf8 18. Nxc7 Qxc7 19. Qxe5 Bf5 20. Bb2 1-0


[Site "https://www.chess.com"]

[Event "Titled Tuesday Blitz June 6 Early 2023"]
[White "Antal, Gergely"]
[Black "Jaskolka, Tomasz"]
[WhiteFideId "717312"]
[BlackFideId "1170791"]
[WhiteElo "2471"]
[BlackElo "2155"]
[Result "0-1"]
[Round "2"]
[TimeControl "180+2"]
[Date "2023.06.06"]
[WhiteClock "0:00:05"]
[BlackClock "0:00:05"]
[Board "55"]

1. d4 d5 2. c4 e5 3. dxe5 d4 4. Nf3 Nc6 5. a3 a5 6. e3 Bc5 7. Be2 Bg4 8. O-O dxe3 9. Bxe3 Bxe3 10. fxe3 Qxd1 11. Rxd1 Nge7 12. h3 Bxf3 13. Bxf3 Nxe5 14. Nc3 Nxc4 15. Nb5 O-O 16. Rd7 Nc6 17. Rxc7 Nxb2 18. Rxb7 Ne5 19. Bd5 Rab8 20. Rxb8 Rxb8 21. Nd4 Nbc4 22. e4 Kf8 23. Nf3 Rb2 24. Nxe5 Nxe5 25. Rc1 Ke7 26. Rc5 Kf6 27. Rxa5 Kg5 28. Bxf7 Kf4 29. Kf1 Ke3 30. Kg1 Nxf7 31. Ra7 Ng5 32. Rxg7 h6 33. e5 Rb5 34. e6 Nxe6 35. Rg6 Nf4 36. Rxh6 Rb1+ 37. Kh2 Rb2 38. Rh8 Rxg2+ 39. Kh1 Kf3 40. Rb8 Rd2 41. Rb3+ Nd3 42. Rb8 Nf2+ 43. Kg1 Rd1+ 44. Kh2 Rh1# 0-1


[Site "https://www.chess.com"]

[Event "Titled Tuesday Blitz June 6 Early 2023"]
[White "Trifan, Andrei Ioan"]
[Black "Karthik Rajaa"]
[WhiteFideId "12967068"]
[BlackFideId "25035215"]
[WhiteElo "2208"]
[BlackElo "2215"]
[Result "0-1"]
[Round "2"]
[TimeControl "180+2"]
[Date "2023.06.06"]
[WhiteClock "0:00:08"]
[BlackClock "0:00:14"]
[Board "56"]

1. e4 Nf6 2. Nc3 d5 3. e5 d4 4. exf6 dxc3 5. fxg7 cxd2+ 6. Qxd2 Qxd2+ 7. Bxd2 Bxg7 8. O-O-O Nc6 9. Nf3 Bg4 10. Bb5 O-O-O 11. Be3 Bxf3 12. gxf3 Nd4 13. Bc4 e6 14. f4 a6 15. c3 Nf5 16. Bd3 Nd6 17. h4 h5 18. Be2 Bf6 19. Rdg1 Nf5 20. Rh3 Rd7 21. Kc2 Kd8 22. Bd3 Nd6 23. Rhg3 Ke7 24. Rh1 Rdd8 25. Bc5 Rdg8 26. a4 a5 27. Be4 b6 28. Ba3 c5 29. Bd3 Rg4 30. Rxg4 hxg4 31. h5 Nf5 32. b4 cxb4 33. cxb4 Rc8+ 34. Kb1 Rc3 35. Bxf5 exf5 36. Ka2 Rc2+ 37. Kb1 Rc3 38. Ka2 Ke6 39. bxa5 bxa5 40. h6 Rc2+ 41. Kb1 Rxf2 42. Bf8 g3 43. Bc5 Rb2+ 44. Kc1 g2 45. Rg1 Ra2 46. Kd1 Kd5 47. Ba7 Ke4 48. Ke1 Kf3 49. h7 Bc3+ 50. Kd1 Rf2 51. Bxf2 Kxf2 52. Kc2 Bh8 53. Ra1 Bxa1 54. Kd3 g1=Q 0-1


[Site "https://www.chess.com"]